 Dungeon Crawl Stone Soup version 0.21.1-1-g345015f (webtiles) character file.

81 grindst0ne the Skirmisher (level 4, -1/49 HPs)
             Began as an Ogre Arcane Marksman on Feb 24, 2018.
             Slain by an adder (3 damage)
             ... on level 2 of the Dungeon.
             The game lasted 00:05:10 (2048 turns).

grindst0ne the Skirmisher (Ogre Arcane Marksman)    Turns: 2048, Time: 00:05:10

Health: -1/49      AC:  4    Str: 12 (14) XL:     4   Next: 40%
Magic:  5/5        EV: 10    Int: 13 (16) God:
Gold:   57         SH:  0    Dex:  9 (10) Spells: 4/5 levels left

rFire    . . .     SeeInvis .   i - +0 club
rCold    . . .     Gourm    .   (no shield)
rNeg     . . .     Faith    .   a - +1 robe
rPois    .         Spirit   .   (helmet restricted)
rElec    +         Reflect  .   (no cloak)
rCorr    .         Harm     .   (gloves unavailable)
MR       .....                  (boots unavailable)
Stlth    +.........             (no amulet)
HPRegen  0.16/turn              (no ring)
MPRegen  0.09/turn              (no ring)

@: lethally poisoned (-1 -> -9), flying (expiring)
A: large, unfitting armour, clever 1, deterioration 1, robust 1, electricity
resistance, tough skin 1
a: no special abilities


You were on level 2 of the Dungeon.
You were very hungry.

You visited 1 branch of the dungeon, and saw 3 of its levels.

You collected 57 gold pieces.

Inventory:

Hand Weapons
 i - a +0 club (weapon)
Armour
 a - a +1 robe (worn)
Scrolls
 e - 2 scrolls of teleportation {unknown}
 m - a scroll of amnesia {unknown}
 n - a scroll of blinking {unknown}
Potions
 g - 2 potions of degeneration
 j - a potion of mutation
Books
 b - a book of Debilitation

   Spells                             Type                      Level
   a - Corona                         Hexes                        1
   b - Slow                           Hexes                        2
   c - Inner Flame                    Hexes/Fire                   3
   d - Portal Projectile              Hexes/Translocation          3
   e - Cause Fear                     Hexes                        4
   f - Leda's Liquefaction            Hexes/Earth                  4
Comestibles
 f - 4 rations
 k - 3 chunks of flesh


   Skills:
 + Level 3.3 Fighting
 + Level 1.8 Maces & Flails
 + Level 3.0 Throwing
 - Level 1.7 Dodging
 - Level 1.2 Spellcasting
 - Level 2.6 Hexes


You had 4 spell levels left.
You knew the following spells:

 Your Spells              Type           Power        Failure   Level  Hunger
a - Corona                Hex            #......      9%          1    ##.....


Dungeon Overview and Level Annotations

Branches:
Dungeon (3/15)

Altars:
Uskayaw
Xom


Innate Abilities, Weirdness & Mutations

You are too large for most types of armour.
You have tough skin. (AC +1)
Your mind is acute. (Int +2)
Your body sometimes deteriorates upon taking damage.
You are robust. (+10% HP)
You are resistant to electric shocks. (rElec)


Message History

* * * LOW HITPOINT WARNING * * *
You feel sick.
There is a stone staircase leading down here.
Okay, then.
You are feeling very hungry.
You aren't carrying any items that you can evoke.
As you read the scroll labeled WISSEW TUUNIKE, it crumbles to dust.
It is a scroll of enchant armour.
Your +0 robe glows green for a moment.
* * * LOW HITPOINT WARNING * * *
You feel sick. The adder bites you.
* * * LOW HITPOINT WARNING * * *
You are more poisoned.
The adder poisons you!
You hit the adder.
The adder is heavily wounded.
You are starting to lose your buoyancy.
* * * LOW HITPOINT WARNING * * *
You feel sick. The adder bites you.
You die...

..................### #........##
....................# #........#
..................#.###........#
..รท..............##........(..(#
..%...............#.###........#
.[...........................###
#.....#......................#
####.##........S..#..........#
####.#..........@.#..........#
.....#.......................#
.....#<.........#.#.(........#
.............#.#..#..........####
.................#####..........#
.................#####..........#
..............##....##..........#
........>...#.#####.............#
..........###.########..........#


You could see an adder.

Vanquished Creatures
  An adder (D:3)
  2 oozes
  2 worms (D:2)
  A dart slug (D:2)
  A leopard gecko (D:2)
  5 bats
  5 giant cockroaches
  8 goblins
  8 hobgoblins
  5 jackals (D:3)
  2 frilled lizards
  4 kobolds
  6 rats
50 creatures vanquished.

Notes
Turn   | Place    | Note
-------+----------+-------------------------------------------
     0 | D:1      | grindst0ne the Ogre Arcane Marksman began the quest for the Orb.
     0 | D:1      | Reached XP level 1. HP: 19/19 MP: 2/2
   422 | D:1      | Reached XP level 2. HP: 20/28 MP: 3/3
   907 | D:1      | Reached skill level 1 in Maces & Flails
  1185 | D:1      | Reached XP level 3. HP: 31/36 MP: 4/4
  1819 | D:2      | Reached XP level 4. HP: 37/45 MP: 5/5
  1987 | D:3      | Found a shimmering altar of Xom.
  1989 | D:3      | Found a shimmering altar of Xom.
  1991 | D:3      | Found a shimmering altar of Xom.
  1991 | D:3      | Found a shimmering altar of Xom.
  1993 | D:3      | Found a shimmering altar of Xom.
  1993 | D:3      | Found a shimmering altar of Xom.
  2022 | D:3      | Gained mutation: Your body sometimes deteriorates upon taking damage. [potion of mutation]
  2022 | D:3      | Gained mutation: You are robust. (+10% HP) [potion of mutation]
  2022 | D:3      | Gained mutation: Your mind is acute. (Int +2) [potion of mutation]
  2022 | D:3      | Gained mutation: You are resistant to electric shocks. (rElec) [potion of mutation]
  2024 | D:3      | Found a hide-covered altar of Uskayaw.
  2048 | D:2      | HP: 2/49 [poisoned by an adder]
  2048 | D:2      | Slain by an adder

Skill      XL: |  1  2  3  4 |
---------------+-------------+-----
Fighting       | 2 3 |  3.3
Maces & Flails | 1 |  1.8
Throwing       | 3 |  3.0
Dodging        | |  1.7
Spellcasting   | |  1.2
Hexes          | |  2.6

Action                   |  1- 3 |  4- 6 || total
-------------------------+-------+-------++-------
Melee: Club              |   141 |    35 ||   176
       Unarmed           |    10 |       ||    10
Throw: Large rock        |    33 |     9 ||    42
       Throwing net      |     3 |       ||     3
       Tomahawk          |     3 |     7 ||    10
  Use: Potion            |       |     6 ||     6
       Scroll            |       |     1 ||     1
  Eat: Chunk             |     3 |       ||     3
Armor: Robe              |    91 |    18 ||   109
Dodge: Dodged            |   149 |    50 ||   199
